 Dungeon Crawl Stone Soup version 0.31-a0-424-g41b3b0883d (webtiles) character file.

Game seed: 1895091673878365181

10 Ajdolov the Changeling (level 2, -2/13 (14) HPs)
             Began as a Vine Stalker Shapeshifter on July 30, 2023.
             Slain by a jackal (3 damage)
             ... on level 1 of the Dungeon.
             The game lasted 00:00:35 (124 turns).

Ajdolov the Changeling (Vine Stalker Shapeshifter)   Turns: 124, Time: 00:00:36

HP:   -2/13 (14)    AC:  2    Str: 17    XL:     2   Next: 20%
MP:   0/3           EV: 12    Int:  8    God:
Gold: 0             SH:  0    Dex: 14    Spells: 1/1 levels left

rFire   . .          .
                       - Unarmed
rCold   . . .        (no shield)
rNeg    . . .        a - +0 animal skin
rPois   .            (helmet currently unavailable)
rElec   .            (cloak currently unavailable)
rCorr   .            (gloves currently unavailable)
SInv    .            (boots currently unavailable)
Will    .....        (no amulet)
Stlth   +            (no ring)
HPRegen 0.22/turn    (no ring)
MPRegen 0.08/turn

%: guardian spirit
@: beast-form, drained
A: beast (slay +2), fangs 2, magic shield, antimagic bite, no potion heal 2
a: Begin Untransformation


You were on level 1 of the Dungeon.
You were a hulking beast.
You visited 1 branch of the dungeon, and saw 1 of its levels.

Inventory:

Armour
 a - a +0 animal skin (worn)
Talismans
 c - a beast talisman (active)
Scrolls
 d - 3 scrolls of identify {unknown}
 e - a scroll of immolation {unknown}
Potions
 b - a potion of lignification


   Skills:
 - Level 0.8 Fighting
 - Level 1.5 Dodging
 + Level 3.2 Unarmed Combat
 * Level 3.3 Shapeshifting


You had one spell level left.
You didn't know any spells.
Your spell library was empty.

Dungeon Overview and Level Annotations

Branches:
Dungeon (1/15)

Altars:


Innate Abilities, Weirdness & Mutations

You are a hulking beast.
Your limbs bulge with bestial killing power. (Slay +2)
You have extremely sharp teeth.
When hurt, damage is shared between your health and your magic reserves.
Your bite disrupts and absorbs the magic of your enemies.
Potions cannot restore your health.


Message History

* * * LOW HITPOINT WARNING * * *
You have reached level 2!
There is a stone staircase leading down here.
You open the door.
A frilled lizard comes into view.
A jackal comes into view.
There is an open door here.
The jackal barks!
The frilled lizard bites you.
* * * LOW HITPOINT WARNING * * *
The kobold hits you with a +2 dagger of draining.
* * * LOW HITPOINT WARNING * * *
You feel drained.
* * * LOW HITPOINT WARNING * * *
There is an open door here.
The frilled lizard attacks as you move away!
The frilled lizard completely misses you.
The kobold hits you with a +2 dagger of draining.
* * * LOW HITPOINT WARNING * * *
You feel drained. The kobold attacks as you move away!
The kobold barely misses you.
You hit the kobold.
You kill the kobold!
You closely miss the frilled lizard. The frilled lizard bites you.
You hit the frilled lizard.
You kill the frilled lizard!
You hit the jackal. Your bite misses the jackal.
The jackal is moderately wounded.
The jackal bites you.
* * * LOW HITPOINT WARNING * * *
You completely miss the jackal.
The jackal is moderately wounded.
The jackal closely misses you. The jackal bites you.
* * * LOW HITPOINT WARNING * * *
You hit the jackal. You bite the jackal.
You kill the jackal!
You completely miss the jackal. You bite the jackal, but do no damage.
The jackal bites you.
You die...

#...# #...# #...##
#.#######
#....###.......#
#....'<'.#####.#
##############.####
.......>..#....#
#######.#)####.#
#.l.#h####.#
###h###.h....#
#...........##
#...........#
+....)......#
#.!.....?...#
#...........#
..............#
..............#
...############


You could see a jackal.

Vanquished Creatures
  A bat (D:1)
  An endoplasm (D:1)
  A giant cockroach (D:1)
  2 jackals (D:1)
  2 kobolds (D:1)
  A ball python (D:1)
  A frilled lizard (D:1)
9 creatures vanquished.

Notes
Turn   | Place    | Note
-------+----------+-------------------------------------------
     0 | D:1      | Ajdolov the Vine Stalker Shapeshifter began the quest for
                  | the Orb.
     0 | D:1      | Reached XP level 1. HP: 9/9 MP: 2/2
   104 | D:1      | Reached XP level 2. HP: 4/14 MP: 0/3
   124 | D:1      | Slain by a jackal

Illustrated notes

Levels and vault maps discovered:
D:1:      dpeg_arrival_tiny_b, layout_basic

Action                     || total
---------------------------++-------
  Melee: Unarmed           ||    19
         Bite              ||     5
 Armour: Animal skin       ||     2
  Dodge: Dodged            ||    16

Table legend: (Time is in decaauts)
 A = Elapsed time spent in this place.
 B = Non-inter-level travel time spent in this place.
 C = Inter-level travel time spent in this place.
 D = Time resting spent in this place.
 E = Time spent auto-exploring this place.
 F = Levels seen in this place.
 G = Mean time per level.
                   A        B        C        D        E       F      G
               +--------+--------+--------+--------+--------+-----+--------+
         Total |    122 |    122 |      0 |      0 |     67 |   1 |  122.0 |
       Dungeon |    122 |    122 |      0 |      0 |     67 |   1 |  122.0 |
               +--------+--------+--------+--------+--------+-----+--------+

Top non-repeatable levels by time:
     D:1: 122 daAuts
